 Dungeon Crawl Stone Soup version 0.29-a0-304-gb34f9e133a (webtiles) character file.

Game seed: 1286246345422444062

146 Astera the Sneak (level 5, 0/32 HPs)
             Began as a Kobold Brigand on Mar 22, 2022.
             Succumbed to an adder's poison
             ... on level 2 of the Dungeon on Mar 26, 2022.
             The game lasted 00:13:15 (2537 turns).

Astera the Sneak (Kobold Brigand)                   Turns: 2537, Time: 00:13:15

Health: 0/32       AC:  4    Str:  8    XL:     5   Next: 53%
Magic:  5/5        EV: 15    Int: 13    God:
Gold:   167        SH:  0    Dex: 18    Spells: 4/4 levels left

rFire   + . .      SeeInvis .   y - +2 dagger (vamp)
rCold   . . .      Faith    .   (no shield)
rNeg    + . .      Spirit   .   b - +0 robe
rPois   .          Reflect  .   (no helmet)
rElec   .          Harm     .   c - +0 cloak
rCorr   .          Rampage  .   (no gloves)
Will    .....                   r - +0 pair of boots
Stlth   +++++.....              (no amulet)
HPRegen 0.10/turn               j - ring of protection from fire
MPRegen 0.09/turn               v - ring of positive energy

@: lethally poisoned (0 -> -1)
A: small, no large weapons, nightstalker 3
a: no special abilities


You were on level 2 of the Dungeon.
You visited 1 branch of the dungeon, and saw 3 of its levels.

You collected 167 gold pieces.

Inventory:

Hand Weapons
 y - a +2 vampiric dagger (weapon)
Missiles
 d - 9 poisoned darts (quivered)
 e - 3 curare-tipped darts
Armour
 b - a +0 robe (worn)
 c - a +0 cloak (worn)
 r - a +0 pair of boots (worn)
 t - a +0 buckler
 x - a +0 leather armour
Jewellery
 j - a ring of protection from fire (left hand)
 v - a ring of positive energy (right hand)
Scrolls
 a - a scroll of fog {unknown}
 f - a scroll of teleportation {unknown}
 g - a scroll of immolation {unknown}
 h - a scroll of enchant weapon {unknown}
 i - 2 scrolls of identify {unknown}
 k - a scroll of fear {unknown}
 l - a scroll of noise {unknown}
 o - a scroll of magic mapping {unknown}
 p - 2 scrolls of holy word {unknown}
Potions
 m - 2 potions of magic {unknown}
 n - a potion of curing {unknown}
 q - a potion of mutation {unknown}
 s - a potion of flight {unknown}
 u - a potion of cancellation {unknown}
 w - a potion of might {unknown}


   Skills:
 + Level 2.8 Fighting
 + Level 4.1 Short Blades
 + Level 2.8 Throwing
 + Level 0.2 Armour
 * Level 2.6 Dodging
 + Level 6.6 Stealth
 + Level 0.1 Shields
 + Level 0.2 Spellcasting


You had 4 spell levels left.
You didn't know any spells.
Your spell library contained the following spells:

 Spells                   Type           Power      Damage    Failure   Level
 Ozocubu's Armour         Ice            0%         N/A       67%         3
 Ozocubu's Refrigeration  Ice            0%         4d5       100%        7


Dungeon Overview and Level Annotations

Branches:
Dungeon (3/15)

Altars:


Innate Abilities, Weirdness & Mutations

You are small and have problems with some larger weapons.
You are completely attuned to the shadows.


Message History

The giant cockroach bites you but does no damage.
An orc comes into view. It is wielding a +0 club.
The orc hits you with a +0 hand axe.
* * * LOW HITPOINT WARNING * * *
The orc closely misses you.
The giant cockroach attacks as you move away!
The giant cockroach barely misses you. The orc barely misses you.
The giant cockroach bites you but does no damage.
The giant cockroach attacks as you move away!
The giant cockroach closely misses you. The orc attacks as you move away!
The orc closely misses you.
The giant cockroach attacks as you move away!
The giant cockroach misses you. The giant cockroach closely misses you.
The orc attacks as you move away! The orc barely misses you.
There is a stone staircase leading up here.
The adder bites you but does no damage. The giant cockroach barely misses you.
The orc hits you with a +0 hand axe.
* * * LOW HITPOINT WARNING * * *
You climb upwards.
There is a stone staircase leading down here.
The adder misses you. The giant cockroach closely misses you.
The adder bites you.
* * * LOW HITPOINT WARNING * * *
You are lethally poisoned!
The adder poisons you! The giant cockroach misses you.
The adder barely misses you.
* * * LOW HITPOINT WARNING * * *
You feel sick.
The giant cockroach completely misses you.
* * * LOW HITPOINT WARNING * * *
You feel sick.
* * * LOW HITPOINT WARNING * * *
You feel sick. The adder barely misses you.
* * * LOW HITPOINT WARNING * * *
You feel sick.
* * * LOW HITPOINT WARNING * * *
You feel sick. The adder misses you.
There is a stone staircase leading up here.
You die...

..##8.8##.............# ########
...##'###.........#######......#
###....##.........#............#
....................>.)....♣♣..#
.##....##.........#....P..P♣.P##
.###..)######'#...........♣P.##
..########...)..o#.....P.♣PP.#
..# #........BS#.....♣PP..##
..#####.##......@#...P♣....##
.)#............#.#.....P..##
..#........#####.#.#P...###
..#.....♣.♣# #.#.#.####
..#.......# ##.#...# ..#.....♣.♣
#....### ..#.......# #....'.#
..######♣.♣ #....#.#####
.......##.# #....#.....#


You could see an adder, an orc and a giant cockroach.

Vanquished Creatures
  An orc priest (D:3)
  Jessica (D:2)
  3 adders (D:2)
  A worm (D:2)
  A dart slug (D:1)
  8 endoplasms
  3 goblins
  A hobgoblin (D:2)
  9 jackals (D:1)
  2 quokkas (D:1)
  8 ball pythons
  7 bats
  4 frilled lizards
  4 kobolds
  8 rats
61 creatures vanquished.

Vanquished Creatures (others)
  9 fungi (D:1)
  3 plants (D:2)
12 creatures vanquished.

Grand Total: 73 creatures vanquished

Notes
Turn   | Place    | Note
-------+----------+-------------------------------------------
     0 | D:1      | Astera the Kobold Brigand began the quest for the Orb.
     0 | D:1      | Reached XP level 1. HP: 12/12 MP: 1/1
   283 | D:1      | Reached XP level 2. HP: 17/17 MP: 2/2
   630 | D:1      | Reached XP level 3. HP: 12/22 MP: 3/3
   986 | D:1      | Found a faded altar of an unknown god.
  1248 | D:2      | Reached skill level 6 in Stealth
  1373 | D:2      | Reached XP level 4. HP: 19/27 MP: 4/4
  2062 | D:2      | Noticed Jessica
  2075 | D:2      | Killed Jessica
  2076 | D:2      | Reached XP level 5. HP: 24/31 MP: 5/5
  2481 | D:2      | Upgraded the game from 0.29-a0-297-g7659ce593d to
                  | 0.29-a0-304-gb34f9e133a
  2535 | D:2      | HP: 1/32 [poisoned by an adder]
  2537 | D:2      | Succumbed to an adder's poison

Illustrated notes

Levels and vault maps discovered:
D:1:      scummos_arrival_checkerplants, layout_loops_ring,
          shapermc_ecumenical_altar_pompeii
D:2:      layout_basic, serial_forest, infiniplex_forest_lined_room_,
          infiniplex_forest_clump_diagonal, infiniplex_forest_lined_2,
          infiniplex_forest_lined_room_3, infiniplex_forest_corner_1,
          infiniplex_forest_clump_tiny, infiniplex_forest_corner_2,
          infiniplex_forest_3_way, dk_noncrumbling_4, uniq_jessica
D:3:      minmay_razor_zed, layout_basic, serial_glass, glass_columns_a,
          glass_columns_a, grunt_decor_cap

Skill      XL: |  1  2  3  4 |
---------------+-------------+-----
Short Blades   | 3 4 |  4.1
Stealth        | 6 |  6.6
Dodging        | 2 |  2.6
Fighting       | |  2.8
Throwing       | |  2.8
Armour         | |  0.2
Shields        | |  0.1
Spellcasting   | |  0.2

Action                   |  1- 3 |  4- 6 || total
-------------------------+-------+-------++-------
Melee: Dagger            |    93 |    84 ||   177
       Punch             |       |     2 ||     2
 Stab: Sleeping          |    12 |    13 ||    25
Armor: Robe              |    13 |    10 ||    23
Dodge: Dodged            |    76 |    60 ||   136

Table legend: (Time is in decaauts)
 A = Elapsed time spent in this place.
 B = Non-inter-level travel time spent in this place.
 C = Inter-level travel time spent in this place.
 D = Time resting spent in this place.
 E = Time spent auto-exploring this place.
 F = Levels seen in this place.
 G = Mean time per level.
                   A        B        C        D        E       F      G
               +--------+--------+--------+--------+--------+-----+--------+
         Total |   2510 |   2351 |    159 |    678 |    358 |   3 |  836.7 |
       Dungeon |   2510 |   2351 |    159 |    678 |    358 |   3 |  836.7 |
               +--------+--------+--------+--------+--------+-----+--------+

Top non-repeatable levels by time:
     D:1: 1257 daAuts
     D:2: 1093 daAuts
     D:3: 159 daAuts
